 Dungeon Crawl Stone Soup version 0.28.0-49-g6dfe1f597d (webtiles) character file.

Game seed: 2000842893712136674

96 pkoi the Conjurer (level 4, -4/33 HPs)
             Began as a Demigod Conjurer on May 12, 2022.
             Slain by Grinder (7 damage)
             ... on level 3 of the Dungeon.
             The game lasted 00:05:22 (3930 turns).

pkoi the Conjurer (Demigod Conjurer)                Turns: 3930, Time: 00:05:23

Health: -4/33      AC:  2    Str:  8    XL:     4   Next: 18%
Magic:  1/9        EV: 12    Int: 24    God:
Gold:   72         SH:  0    Dex: 12    Spells: 2/6 levels left

rFire   . . .      SeeInvis .   d - +0 dagger
rCold   . . .      Faith    .   (no shield)
rNeg    . . .      Spirit   .   a - +0 robe
rPois   .          Reflect  .   (no helmet)
rElec   .          Harm     .   (no cloak)
rCorr   .          Rampage  .   (no gloves)
Will    .....                   (no boots)
Stlth   ++........              (no amulet)
HPRegen 0.11/turn               (no ring)
MPRegen 0.11/turn               (no ring)

@: no status effects
A: high MP 1, forlorn, divine attributes
a: no special abilities


You were on level 3 of the Dungeon.
You visited 1 branch of the dungeon, and saw 3 of its levels.

You collected 72 gold pieces.

Inventory:

Hand Weapons
 c - a +0 war axe
 d - a +0 dagger (weapon)
 e - a +0 whip
Missiles
 j - 20 stones
 l - 6 poisoned darts
Armour
 a - a +0 robe (worn)
Potions
 b - a potion of flight
 i - a potion of resistance
 m - a potion of magic
 o - a potion of brilliance


   Skills:
 - Level 1.7 Dodging
 - Level 1.7 Stealth
 + Level 1.8 Spellcasting
 + Level 5.3 Conjurations
 + Level 0.2 Earth Magic


You had 2 spell levels left.
You knew the following spells:

 Your Spells              Type           Power      Damage    Failure   Level
a - Magic Dart            Conj           100%       1d8       1%          1
b - Searing Ray           Conj           54%        2d6       1%          2
c - Sandblast             Erth           6%         2d5       11%         1

Your spell library contained the following spells:

 Spells                   Type           Power      Damage    Failure   Level
 Foxfire                  Conj/Fire      60%        2x1d7     4%          1
 Passwall                 Tmut/Erth      1%         N/A       17%         2
 Conjure Flame            Conj/Fire      15%        6-21      12%         3
 Dazzling Flash           Conj/Hex       30%        N/A       12%         3
 Stone Arrow              Conj/Erth      30%        3d8       12%         3
 Inner Flame              Hex/Fire       2%         N/A       36%         3
 Flame Wave               Conj/Fire      15%        2d6       38%         4
 Fulminant Prism          Conj/Hex       7%         3d7       38%         4
 Iskenderun's Mystic Bla  Conj/Tloc      15%        2d5       38%         4


Dungeon Overview and Level Annotations

Branches:
Dungeon (3/15)

Shops:
D:2 (

Annotations:
D:2 Terence
D:3 3 runed translucent doors, Grinder; Ijyb; issech's ghost, amateur TrMo


Innate Abilities, Weirdness & Mutations

You have an increased reservoir of magic. (+10% MP)
You shall have no god before yourself.
Your divine heritage dramatically boosts your attributes as you level up.


Message History

Okay, then.
Unknown command.
Casting: Sandblast (safe; 11% risk of failure)
Confirm with . or Enter, or press ? or * to list all spells.
Aiming: Sandblast (safe; 11% risk of failure)
Press: ? - help, Shift-Dir - straight line, f/p - Grinder
Aim: Grinder (lightly wounded, 75% to hit)
The blast of sand hits Grinder but does no damage.
Grinder is lightly wounded.
j - 20 stones Grinder gestures at you.
Pain shoots through your body!
* * * LOW HITPOINT WARNING * * *
Casting: Sandblast (safe; 11% risk of failure)
Confirm with . or Enter, or press ? or * to list all spells.
Aiming: Searing Ray (safe; 1% risk of failure)
Press: ? - help, Shift-Dir - straight line, f/p - Grinder
Aim: Grinder (lightly wounded, 77% to hit)
The searing ray misses Grinder. (Press . to maintain the ray.) Grinder hits you.
* * * LOW HITPOINT WARNING * * *
You writhe in agony.
* * * LOW HITPOINT WARNING * * *
The searing ray hits Grinder.
Grinder is moderately wounded.
Grinder barely misses you.
Unknown command.
The searing ray hits Grinder!
Grinder is heavily wounded.
Grinder hits you.
* * * LOW HITPOINT WARNING * * *
You writhe in agony.
* * * LOW HITPOINT WARNING * * *
Unknown command.
The searing ray hits Grinder.
Grinder is heavily wounded.
You finish channelling your searing ray.
Grinder hits you!
You die...

###.##############
.......
##.#............#
.......
#...............#
......#
#...............#
......#
#...............#
......#
#...............#
......#
#...............#
..... #
###.....5.......#
#.....@.......#
#.....<.......#
#.............#
#.............#
#.............#
#.............#
#...........###
#############


You could see Grinder.

Vanquished Creatures
  Jessica (D:2)
  An adder (D:3)
  2 dart slugs (D:3)
  6 ball pythons
  5 bats
  5 endoplasms
  3 giant cockroaches
  3 goblins
  3 hobgoblins
  15 kobolds
  2 quokkas
  3 frilled lizards
  4 rats
53 creatures vanquished.

Vanquished Creatures (others)
  A quokka (D:3)
1 creature vanquished.

Grand Total: 54 creatures vanquished

Notes
Turn   | Place    | Note
-------+----------+-------------------------------------------
     0 | D:1      | pkoi the Demigod Conjurer began the quest for the Orb.
     0 | D:1      | Reached XP level 1. HP: 14/14 MP: 5/5
   437 | D:1      | Reached skill level 4 in Conjurations
   573 | D:1      | Reached XP level 2. HP: 20/20 MP: 4/7
  1417 | D:2      | Found Fues's Antique Weapon Shop.
  1433 | D:2      | Noticed Terence
  1967 | D:2      | Reached XP level 3. HP: 18/26 MP: 0/8
  2068 | D:1      | Learned a level 2 spell: Searing Ray
  2165 | D:2      | Noticed Jessica
  2168 | D:2      | Killed Jessica
  2169 | D:2      | Reached skill level 5 in Conjurations
  2746 | D:3      | Reached XP level 4. HP: 29/33 MP: 0/9
  2876 | D:3      | Noticed Ijyb
  2889 | D:3      | Learned a level 1 spell: Sandblast
  2915 | D:3      | Noticed Grinder
  2919 | D:3      | Paralysed by Grinder for 7 turns
  3368 | D:3      | Found a runed translucent gate.
  3369 | D:3      | Found a runed translucent gate.
  3370 | D:3      | Found a runed translucent gate.
  3615 | D:3      | Noticed issech's ghost (amateur TrMo)
  3616 | D:3      | Noticed a water moccasin
  3930 | D:3      | Slain by Grinder

Illustrated notes

Levels and vault maps discovered:
D:1:      matt_arrival_spirals, layout_basic, nrook_uturn
D:2:      layout_loops_ring, hellmonk_ecumenical_altar_run_dry, serial_shops,
          shop, mrwooster_statue_mirror, minmay_goblin_kobold_house,
          uniq_terence, uniq_jessica
D:3:      layout_basic, elyvilon_altar_4, ebering_ghost_gozag, uniq_grinder,
          uniq_robin, uniq_ijyb

Skill      XL: |  1  2  3 |
---------------+----------+-----
Conjurations   | 4 5 |  5.3
Dodging        | |  1.7
Stealth        | |  1.7
Spellcasting   | |  1.8
Earth Magic    | |  0.2

Action                   |  1- 3 |  4- 6 || total
-------------------------+-------+-------++-------
Melee: Dagger            |    14 |       ||    14
       Punch             |     1 |       ||     1
 Cast: Magic Dart        |    93 |    18 ||   111
       Sandblast         |       |     3 ||     3
       Searing Ray       |       |     1 ||     1
  Use: Scroll            |     3 |     5 ||     8
       Potion            |       |     4 ||     4
Armor: Robe              |     4 |       ||     4
Dodge: Dodged            |    20 |     1 ||    21
